 Dungeon Crawl Stone Soup version 0.29.0-11-gd7f09526c8 (webtiles) character file.

Game seed: 7100655593242784649

81 SensoryNuts the Shield-Bearer (level 4, -6/31 HPs)
             Began as an Octopode Fighter on Sept 6, 2022.
             Killed from afar by Sigmund (9 damage)
             ... with a puff of flame
             ... on level 3 of the Dungeon.
             The game lasted 00:03:39 (3387 turns).

SensoryNuts the Shield-Bearer (Octopode Fighter)    Turns: 3387, Time: 00:03:39

Health: -6/31      AC:  1    Str: 15    XL:     4   Next: 42%
Magic:  4/4        EV: 10    Int: 10    God:
Gold:   131        SH: 12    Dex: 13    Spells: 3/3 levels left

rFire   . . .      SeeInvis .   a - +0 rapier
rCold   . . .      Faith    .   h - +0 tower shield
rNeg    . . .      Spirit   .   (helmet restricted)
rPois   .          Reflect  .   (no amulet)
rElec   .          Harm     .   (no ring)
rCorr   .          Rampage  .   (no ring)
Will    .....                   (no ring)
Stlth   +++.......              (no ring)
HPRegen 0.10/turn               (no ring)
MPRegen 0.09/turn               (no ring)
                                (no ring)
                                (no ring)

@: flying
A: almost no armour, amphibious, 8 rings, camouflage 1, gelatinous body 1,
(nimble swimmer 1), tentacles
a: no special abilities


You were on level 3 of the Dungeon.
You visited 1 branch of the dungeon, and saw 3 of its levels.

You collected 131 gold pieces.

Inventory:

Hand Weapons
 a - a +0 rapier (weapon)
Armour
 h - a +0 tower shield (worn)
Scrolls
 c - a scroll of vulnerability {unknown}
 d - a scroll of immolation {unknown}
 e - a scroll of teleportation
 f - 4 scrolls of identify
Potions
 g - a potion of degeneration


   Skills:
 + Level 3.4 Fighting
 * Level 2.9 Short Blades
 + Level 3.4 Dodging
 + Level 1.6 Stealth
 + Level 3.5 Shields


You had 3 spell levels left.
You didn't know any spells.
Your spell library contained the following spells:

 Spells                   Type           Power      Damage    Failure   Level
 Magic Dart               Conj           0%         1d3       99%         1
 Slow                     Hex            0%         N/A       99%         1
 Call Imp                 Summ           0%         N/A       100%        2
 Frozen Ramparts          Ice            0%         1d1       100%        3
 Mephitic Cloud           Conj/Pois/Air  0%         N/A       100%        3
 Tukima's Dance           Hex            0%         N/A       100%        3
 Ice Form                 Ice/Tmut       0%         N/A       100%        4
 Passage of Golubria      Tloc           0%         N/A       100%        4
 Summon Ice Beast         Ice/Summ       0%         N/A       100%        4
 Yara's Violent Unravell  Hex/Tmut       0%         3d3       100%        5


Dungeon Overview and Level Annotations

Branches:
Dungeon (3/15)

Altars:
Zin

Annotations:
D:3 Sigmund


Innate Abilities, Weirdness & Mutations

You cannot wear most types of armour.
You are amphibious.
You can wear up to eight rings at the same time.
Your skin changes colour to match your surroundings (Stealth+).
Your rubbery body absorbs attacks. (AC +1, EV +1)
((You are camouflaged when in or above water. (Stealth+)))
You have tentacles for arms and can constrict up to eight enemies at once.


Message History

No target in view!
Things that are here:
a +0 dagger; a goblin corpse
Found a stone staircase leading down.
No target in view!
Sigmund is nearby!
Sigmund is nearby!
Sigmund is nearby!
It was a potion of flight.
You feel very buoyant.
You fly up into the air.
It was a potion of heal wounds.
You feel much better. You block Sigmund's attack.
You hit Sigmund. You grab Sigmund.
Sigmund is lightly wounded.
You constrict Sigmund.
Sigmund zaps a wand.
The roots erupt in riotous growth!
The grasping roots grab you!
Sigmund is unaffected.
The grasping roots constrict you. Sigmund casts a spell at you.
The magic dart hits you! The grasping roots constrict you.
You hit Sigmund.
Sigmund is lightly wounded.
You constrict Sigmund. Sigmund barely misses you.
The grasping roots constrict you.
You hit Sigmund. You squeeze Sigmund.
Sigmund is severely wounded.
You constrict Sigmund.
Sigmund points at you and mumbles some strange words.
The magic dart hits you!
* * * LOW HITPOINT WARNING * * *
The grasping roots constrict you.
* * * LOW HITPOINT WARNING * * *
The grasping roots release their grip on you.
Unknown command.
You hit Sigmund.
Sigmund is almost dead.
You constrict Sigmund.
Sigmund points at you and mumbles some strange words.
The puff of flame hits you!
You die...

###.# #.######## #...# #.# #.#
#.### #.# #.# #.# #.# ##.#######
#.# #.# ##........# # #.######
#.###..8.8..#.###
#.#....##########.##.8.....8.....
...............[.@............###
###.##.#........@[....##'##...###
#.##.#.......##..#.##._ ##....[
#.#..........##..#..#####...###
###..........>.....#.........##
....#..........#..........##.#
######...........#...........#
###...........###########
#############


You could see Sigmund.

Vanquished Creatures
  3 adders
  A worm (D:3)
  2 dart slugs
  A ball python (D:2)
  5 endoplasms
  3 giant cockroaches
  3 goblins
  3 hobgoblins
  2 jackals (D:1)
  6 kobolds
  2 quokkas
  6 bats
  4 frilled lizards
  4 rats
45 creatures vanquished.

Notes
Turn   | Place    | Note
-------+----------+-------------------------------------------
     0 | D:1      | SensoryNuts the Octopode Fighter began the quest for the
                  | Orb.
     0 | D:1      | Reached XP level 1. HP: 16/16 MP: 1/1
   288 | D:1      | Reached XP level 2. HP: 4/21 MP: 2/2
   791 | D:1      | Reached XP level 3. HP: 25/26 MP: 3/3
  1559 | D:2      | Found a faded altar of an unknown god.
  1563 | D:2      | Got Plato's Folio of Bewitchment
  1646 | D:2      | Reached skill level 1 in Stealth
  1873 | D:2      | Reached XP level 4. HP: 31/31 MP: 4/4
  2291 | D:3      | Noticed Sigmund
  2832 | D:3      | Found a glowing silver altar of Zin.
  3387 | D:3      | Killed from afar by Sigmund

Illustrated notes

Levels and vault maps discovered:
D:1:      lemuel_arrival_river_bridge, layout_loops_ring,
          chequers_hall_statues_wall_a, dreamdust_wishing_well
D:2:      layout_basic, shapermc_ecumenical_altar_rom_forum, serial_bayou_pond_d
D:3:      layout_loops_ring, jmf_multi_god_temple, zin_statuary, uniq_sigmund

Skill      XL: |  1  2  3 |
---------------+----------+-----
Stealth        | 1 |  1.6
Fighting       | |  3.4
Short Blades   | |  2.9
Dodging        | |  3.4
Shields        | |  3.5

Action                   |  1- 3 |  4- 6 || total
-------------------------+-------+-------++-------
Melee: Rapier            |    77 |    18 ||    95
       Constrict         |    19 |     3 ||    22
       Tentacles         |    13 |     4 ||    17
  Use: Potion            |     1 |     2 ||     3
       Scroll            |       |     7 ||     7
 Stab: Sleeping          |     6 |     3 ||     9
       Distracted        |     1 |       ||     1
Armor: Skin              |    10 |       ||    10
Dodge: Dodged            |    54 |     6 ||    60
Block: Buckler           |    11 |       ||    11
       Tower shield      |       |     3 ||     3
